 Dungeon Crawl Stone Soup version 0.24.0-123-gd5b16e6ec5 (webtiles) character file.

Game seed: 3176761988210157867, levelgen mode: deterministic

2410 Curus the Cleaver (level 9, -1/70 HPs)
             Began as a Minotaur Fighter on Dec 30, 2019.
             Was a Believer of Okawaru.
             Engulfed by a cloud of freezing vapour (11 damage)
             ... on level 6 of the Dungeon.
             The game lasted 00:19:55 (5975 turns).

Curus the Cleaver (Minotaur Fighter)                Turns: 5975, Time: 00:19:55

Health: -1/70      AC: 10    Str: 26    XL:     9   Next: 23%
Magic:  8/8        EV:  8    Int:  7    God:    Okawaru [**....]
Gold:   342        SH:  0    Dex: 11    Spells: 8/8 levels left

rFire    + . .     SeeInvis .   z - +1 battleaxe
rCold    + . .     Gourm    .   (shield currently unavailable)
rNeg     . . .     Faith    .   j - +0 chain mail
rPois    .         Spirit   .   (helmet restricted)
rElec    .         Reflect  .   (no cloak)
rCorr    .         Harm     .   (no gloves)
MR       .....                  e - +0 pair of boots
Stlth    ..........             v - amulet of rage
HPRegen  0.21/turn              C - ring of protection from cold
MPRegen  0.11/turn              h - ring of protection from fire

@: mighty
A: retaliatory headbutt, horns 2
a: Heroism, Renounce Religion, Evoke Berserk Rage


You were on level 6 of the Dungeon.
You worshipped Okawaru.
Okawaru was pleased with you.
You were not hungry.

You visited 1 branch of the dungeon, and saw 7 of its levels.
You also visited: Sewer.

You collected 433 gold pieces.
You spent 91 gold pieces at shops.

Inventory:

Hand Weapons
 a - a +0 war axe
 z - a +1 battleaxe (weapon)
Armour
 b - a +0 scale mail
 c - a +1 shield
 e - a +0 pair of boots (worn)
 j - a +0 chain mail (worn)
Jewellery
 h - a ring of protection from fire (right hand)
 i - a +2 ring of intelligence
 q - an uncursed amulet of the acrobat
 s - an uncursed ring of wizardry
 t - a +3 ring of dexterity
 v - an amulet of rage (around neck)
 y - an uncursed ring of flight
 C - a ring of protection from cold (left hand)
 E - an uncursed amulet of harm
Wands
 x - a wand of acid (13)
 D - a wand of random effects (21)
Scrolls
 g - 3 scrolls of fog
 l - 2 scrolls of immolation
 m - 7 scrolls of remove curse
 n - 2 scrolls of blinking
 p - 2 scrolls of identify
 u - a scroll of amnesia
Potions
 d - 2 potions of might
 k - 2 potions of lignification
 o - 3 potions of heal wounds
 r - a potion of haste
 w - 5 potions of curing
 A - 2 potions of resistance
 B - a potion of agility
Comestibles
 f - 5 rations


   Skills:
 - Level 3.6 Fighting
 + Level 14.3 Axes
 - Level 3.6 Armour
 - Level 3.6 Shields


You had 8 spell levels left.
You didn't know any spells.
Your spell library contained the following spells:

 Spells                   Type           Power        Failure   Level  Hunger
 Animate Skeleton         Necr           N/A          96%         1    ##.....
 Apportation              Tloc           #.....       96%         1    ##.....
 Confusing Touch          Hex            #.....       96%         1    ##.....
 Summon Small Mammal      Summ           #...         96%         1    ##.....


Dungeon Overview and Level Annotations

Branches:
Dungeon (7/15)             Temple (0/1) D:7           Sewer (visited)

Altars:
Dithmenos
Fedhas
Nemelex Xobeh
Okawaru
Qazlal
Wu Jian
Yredelemnul

Shops:
D:6 (

Annotations:
D:6 1 transporter


Innate Abilities, Weirdness & Mutations

You reflexively headbutt those who attack you in melee.
You have a pair of horns on your head.


Message History

You hit the ice beast. You headbutt the ice beast!!
The ice beast is almost dead.
You slash the ice beast!
The ice beast hits you but does no damage. x2
You slash the ice beast!
You kill the ice beast!
Okawaru accepts your kill.
You closely miss the ice beast.
The ice beast hits you but does no damage.
You hit the ice beast. You headbutt the ice beast.
You kill the ice beast!
Okawaru accepts your kill.
Really walk into a travel-excluded area?
You are engulfed in freezing vapours.
You resist.
* * * LOW HITPOINT WARNING * * *
There is an open gate here.
You are engulfed in freezing vapours.
You resist.
* * * LOW HITPOINT WARNING * * *
You are engulfed in freezing vapours.
You resist.
You die...

...'...................>####
...#######.#####..#####.#
...# #.## #...# #.# ...#
#..# ##.©.## #.# ...#
##.###########.# ...#
#.#☼○○$©$○○☼#.# ...#
#.#☼°☼$!$○○☼#.####### ...#
#.#○☼○...○.☼#.......# ...#
#.#°○○@○○°○○#..####.# ####
#.#°°○○○☼○☼☼#..# #.#
#.####○○°####..# #.#
#..#○○...°○##..# #.###
####.#○○#.#○○##..####..(.
#....#°☼...☼°##..##<#####
#.##.#○○#©#.☼##..##.#
#.##.#☼☼☼○○.○##..##.#
#.##.#°○○.°☼.##..##.#


There were no monsters in sight!

Vanquished Creatures
  Sigmund (D:2)
  4 ice beasts (D:6)
  An orc warrior (D:6)
  A sky beast (D:6)
  7 ogres
  A bullfrog (D:6)
  2 big kobolds (Sewer)
  A howler monkey (D:5)
  4 crimson imps
  A centaur zombie (D:6)
  A gnoll shaman (D:7)
  2 orc priests
  A centaur skeleton (D:5)
  A jelly (D:6)
  3 orc wizards (D:6)
  A bullfrog skeleton (D:5)
  2 iguanas
  3 worker ants
  A killer bee zombie (D:6)
  A hound zombie (D:5)
  Robin (D:2)
  5 adders
  8 gnolls
  A river rat (D:5)
  2 oozes (Sewer)
  3 worms
  2 dart slugs
  4 leopard geckos
  14 orcs
  7 giant cockroaches
  10 goblins
  15 hobgoblins
  7 jackals
  16 kobolds
  2 quokkas
  3 ball pythons
  13 bats
  6 frilled lizards
  2 gnoll zombies (D:2)
  11 rats
171 creatures vanquished.

Notes
Turn   | Place    | Note
-------+----------+-------------------------------------------
     0 | D:1      | Curus the Minotaur Fighter began the quest for the Orb.
     0 | D:1      | Reached XP level 1. HP: 19/19 MP: 0/0
    52 | D:1      | Reached skill level 3 in Axes
    82 | D:1      | Reached XP level 2. HP: 26/26 MP: 1/1
   667 | D:2      | Reached skill level 4 in Axes
   795 | D:2      | Reached XP level 3. HP: 24/31 MP: 2/2
   810 | D:2      | Noticed Sigmund
   817 | D:2      | Noticed Robin
   934 | D:2      | Reached skill level 5 in Axes
   938 | D:2      | Found a blossoming altar of Fedhas.
   941 | D:2      | Found a stormy altar of Qazlal.
  1170 | D:2      | Killed Sigmund
  1170 | D:2      | Reached skill level 7 in Axes
  1170 | D:2      | Reached XP level 4. HP: 31/39 MP: 3/3
  1170 | D:2      | Reached XP level 5. HP: 36/45 MP: 4/4
  1284 | D:2      | Found a basalt altar of Yredelemnul.
  1518 | D:2      | Killed Robin
  1650 | D:3      | Reached XP level 6. HP: 49/51 MP: 5/5
  2151 | D:3      | Found a sparkling altar of Nemelex Xobeh.
  2210 | D:3      | Reached skill level 8 in Axes
  2226 | D:3      | Found an ornate altar of the Wu Jian Council.
  2944 | D:4      | Reached skill level 9 in Axes
  3027 | D:5      | Entered Level 5 of the Dungeon
  3074 | D:5      | Reached XP level 7. HP: 52/57 MP: 6/6
  3177 | D:5      | Reached skill level 10 in Axes
  3496 | D:5      | Found a glowing drain.
  3524 | Sewer    | Entered a sewer
  3727 | Sewer    | Reached skill level 11 in Axes
  3733 | Sewer    | Reached XP level 8. HP: 50/64 MP: 7/7
  3825 | D:5      | Found an iron altar of Okawaru.
  3828 | D:5      | Became a worshipper of Warmaster Okawaru
  4176 | D:6      | Found a transporter.
  4223 | D:6      | Found a transporter.
  4523 | D:6      | Found Idaus's Weapon Shop.
  4545 | D:6      | Bought a +0 battleaxe for 91 gold pieces
  4581 | D:6      | Found a shadowy altar of Dithmenos.
  4645 | D:6      | HP: 2/64 [orc warrior/+0 glaive (13)]
  4903 | D:6      | Reached skill level 12 in Axes
  5181 | D:6      | Reached * piety under Okawaru
  5335 | D:6      | Reached skill level 13 in Axes
  5805 | D:7      | Found a staircase to the Ecumenical Temple.
  5862 | D:7      | Reached XP level 9. HP: 57/70 MP: 8/8
  5967 | D:6      | Reached ** piety under Okawaru
  5967 | D:6      | Reached skill level 14 in Axes
  5975 | D:6      | Engulfed by a cloud of freezing vapour

Levels and vault maps discovered:
D:1:      sevenhm_arrival_forest_fort_small_4, layout_rooms, chequers_big_river,
          minmay_misc_feat_tiny
D:2:      layout_basic, grunt_temple_overflow_forces_of_nature,
          lemuel_zombie_altar_yredelemnul, uniq_robin, uniq_sigmund
D:3:      layout_basic, nemelex_xobeh_ov_fountains_minmay, old_standard_altar
D:4:      layout_loops_cross
D:5:      layout_basic, kennysheep_mini_moat, portal_sewer_entry_c, first_ration
D:6:      gammafunk_cloud_chamber, layout_basic,
          grunt_dithmenos_smoke_and_mirrors, serial_shops, shop
D:7:      layout_basic, minmay_temple_entry_drinking_statues, uniq_harold

Skill      XL: |  1  2  3  4  5  6  7  8  9 |
---------------+----------------------------+-----
Axes           | 3 4 7 9 11 13 14 | 14.3
Fighting       | |  3.6
Armour         | |  3.6
Shields        | |  3.6

Action                   |  1- 3 |  4- 6 |  7- 9 || total
-------------------------+-------+-------+-------++-------
Melee: War axe           |    87 |   119 |   133 ||   339
       Headbutt          |    12 |    17 |    41 ||    70
       Battleaxe         |       |       |   102 ||   102
  Use: Scroll            |     5 |     3 |     5 ||    13
       Potion            |     2 |     5 |     4 ||    11
  Eat: Chunk             |       |     6 |     4 ||    10
       Ration            |       |       |     2 ||     2
Armor: Scale mail        |    11 |       |       ||    11
       Chain mail        |    28 |    43 |   107 ||   178
Dodge: Dodged            |    23 |    24 |    63 ||   110
Block: Shield            |    35 |    38 |    51 ||   124
